 Dungeon Crawl Stone Soup version 0.30.0-30-g96aa6591b8 (webtiles) character file.

Game seed: 5592582850752002276

683 tizbic2 the Shooter (level 7, -3/50 (53) HPs)
             Began as a Formicid Hunter on June 28, 2023.
             Was a Follower of Zin.
             Slain by an orc warrior
             ... wielding a +0 glaive
              (18 damage)
             ... on level 6 of the Dungeon.
             The game lasted 00:17:10 (3936 turns).

tizbic2 the Shooter (Formicid Hunter)               Turns: 3936, Time: 00:17:11

HP:   -3/50 (53)    AC: 15    Str: 17    XL:     7   Next: 93%
MP:   9/9           EV:  8    Int:  9    God:    Zin [*.....]
Gold: 180           SH:  5    Dex: 23    Spells: 6/6 levels left

rFire   . . .        a - +0 shortbow
rCold   . . .        (no shield)
rNeg    . . .        e - +0 chain mail
rPois   .            (helmet unavailable)
rElec   .            k - +1 cloak
rCorr   .            (no gloves)
SInv    +            c - +2 pair of boots
Will    .....        r - amulet of reflection Stlth
                     l - +6 ring of dexterity
HPRegen 0.28/turn    (no ring)
MPRegen 0.11/turn

%: reflection
@: lethally poisoned (-3 -> -5), on recite cooldown, drained
A: permanent stasis, dig shafts and tunnels, antennae 3, four strong arms
a: Dig, Shaft Self, Renounce Religion, Recite, Donate Gold


You were on level 6 of the Dungeon.
You worshipped Zin.
Zin was aware of your devotion.
You visited 2 branches of the dungeon, and saw 7 of its levels.

You collected 199 gold pieces.
You donated 19 gold pieces to Zin.

Inventory:

Hand Weapons
 a - a +0 shortbow (weapon)
 n - a +0 dagger of venom
 s - a +2 war axe of flaming
Armour
 c - a +2 pair of boots (worn)
 e - a +0 chain mail (worn)
 k - a +1 cloak (worn)
Magical Staves
 m - a staff of cold
Jewellery
 l - a +6 ring of dexterity (left hand)
 r - an amulet of reflection (around neck)
Wands
 f - a wand of charming (4)
Scrolls
 b - 4 scrolls of immolation
 d - a scroll of vulnerability
 g - 4 scrolls of magic mapping
 i - 2 scrolls of poison
 j - a scroll of fear
 t - 3 scrolls of identify
Potions
 h - a potion of flight {unknown}
 o - 2 potions of lignification {unknown}
 p - 3 potions of attraction {unknown}
 q - a potion of mutation {unknown}
 v - a potion of brilliance {unknown}


   Skills:
 + Level 3.8 Fighting
 * Level 5.8 Ranged Weapons
 * Level 4.5 Armour
 - Level 2.0 Dodging
 - Level 1.2 Stealth
 + Level 3.3 Shields
 + Level 3.5 Invocations


You had 6 spell levels left.
You didn't know any spells.
Your spell library contained the following spells:

 Spells                   Type           Power      Damage    Failure   Level
 Lesser Beckoning         Tloc           0%         N/A       99%         2
 Gell's Gravitas          Tloc           0%         N/A       100%        3
 Teleport Other           Tloc           0%         N/A       100%        3


Dungeon Overview and Level Annotations

Branches:
Dungeon (6/15)             Temple (1/1) D:5

Altars:
Ashenzari
Cheibriados
Dithmenos
Fedhas
Gozag
Hepliaklqana
Makhleb
Nemelex Xobeh
Okawaru
Qazlal
Sif Muna
Trog
Uskayaw
Vehumet
Wu Jian
Xom
Yredelemnul
Zin
The Shining One

Annotations:
Temple 2 transporters


Innate Abilities, Weirdness & Mutations

You cannot be hasted, slowed, berserked, paralysed or teleported.
You can dig through walls and to a lower floor.
You have a pair of large antennae on your head. (SInv)
Your four strong arms can wield two-handed weapons with a shield.


Message History

You feel sick.
The orc wizard points at you and mumbles some strange words.
You easily resist.
An orc warrior comes into view. It is wielding a +0 glaive.
An orc comes into view. It is wielding a +0 hand axe.
Activating: Recite (1% risk of failure)
Press: ? - help, Dir - look around, f - activate You clear your throat and prepare to recite. "Damned, damned be the guilty and..."
The orc wizard is confused by your recitation.
The orc is dazed by your recitation.
The orc shouts!
You feel sick.
The orc warrior hits you from afar with a +0 glaive!
The orc wizard hits you with a +0 dagger of venom.
You are more poisoned. "...all else who abandon faithfulness!
Let them..."
You feel very sick.
You shoot an arrow. The arrow hits the orc wizard!
You kill the orc wizard! "...be condemned by the jurisprudence of Zin!"
You finish reciting Apostates 8:9.
You feel very sick.
The orc warrior unwields a +0 glaive.
The orc warrior wields a +0 arbalest.
The orc warrior shoots a bolt.
The bolt barely misses you.
The orc warrior shoots a bolt.
The bolt barely misses you.
You feel sick.
The orc warrior unwields a +0 arbalest.
The orc warrior wields a +0 glaive.
The orc warrior hits you with a +0 glaive.
Things that are here:
a +0 dagger of venom; a +0 robe You shoot an arrow.
The arrow hits the orc warrior!
The orc warrior is moderately wounded.
You feel sick. The orc warrior barely misses you.
The orc is lost in a daze.
You shoot an arrow.
The arrow hits the orc warrior but does no damage.
The orc warrior is moderately wounded.
You feel sick.
The orc warrior hits you with a +0 glaive!!
You die...

#.......# #.......#
#.......# #.......#
#...)...#
########.#..##
.........#..#
##########..########
# #......@o.#
###########.######o#
............# ..
############# ...
... .. .


You could see an orc warrior and an orc (dazed).

Vanquished Creatures
  Menkaure (D:4)
  A gnoll sergeant (D:4)
  A scorpion (D:6)
  A hound (D:6)
  An orc priest (D:5)
  Natasha (twice) (D:4)
  An iguana (D:5)
  2 orc wizards
  6 adders
  7 gnolls (D:4)
  2 worms
  4 dart slugs
  19 orcs
  7 endoplasms
  A giant cockroach (D:1)
  5 goblins
  12 hobgoblins
  4 jackals
  10 kobolds
  6 quokkas
  5 ball pythons
  6 bats (D:1)
  6 frilled lizards
  8 rats
118 creatures vanquished.

Notes
Turn   | Place    | Note
-------+----------+-------------------------------------------
     0 | D:1      | tizbic2 the Formicid Hunter began the quest for the Orb.
     0 | D:1      | Reached XP level 1. HP: 16/16 MP: 1/1
    88 | D:1      | Reached XP level 2. HP: 22/22 MP: 2/2
   101 | D:1      | Reached skill level 1 in Armour
   163 | D:1      | Reached skill level 1 in Invocations
   175 | D:1      | Reached XP level 3. HP: 26/28 MP: 3/3
   535 | D:2      | Reached XP level 4. HP: 34/34 MP: 5/5
  1395 | D:3      | Reached skill level 1 in Shields
  1395 | D:3      | Reached XP level 5. HP: 35/39 MP: 6/6
  1908 | D:4      | Noticed Natasha
  1917 | D:4      | Killed Natasha
  1995 | D:4      | Noticed Menkaure
  2002 | D:4      | Killed Menkaure
  2003 | D:4      | Reached skill level 5 in Ranged Weapons
  2003 | D:4      | Reached XP level 6. HP: 39/47 MP: 6/8
  2314 | D:4      | Reached XP level 7. HP: 20/52 MP: 9/9
  2323 | D:4      | HP: 2/52 [gnoll/+0 spear[a gnoll sergeant] (8)]
  2730 | D:4      | Noticed Natasha
  2733 | D:4      | Killed Natasha
  2907 | D:5      | Entered Level 5 of the Dungeon
  3224 | D:5      | Found a staircase to the Ecumenical Temple.
  3298 | Temple   | Entered the Ecumenical Temple
  3298 | Temple   | Found a transporter.
  3298 | Temple   | Found a transporter.
  3300 | Temple   | Found a transporter.
  3300 | Temple   | Found a transporter.
  3312 | Temple   | Became a worshipper of Zin the Law-Giver
  3312 | Temple   | Reached * piety under Zin
  3936 | D:6      | Slain by an orc warrior

Illustrated notes

Levels and vault maps discovered:
D:1:      noname_arrival_rooms_in_the_neighbourhood, layout_basic
D:2:      layout_basic, kennysheep_generic_room_3
D:3:      layout_basic, dreamdust_wishing_well
D:4:      layout_rooms, uniq_natasha, uniq_menkaure
D:5:      layout_loops_cross, temple_pool_b
D:6:      layout_basic, mainiacjoe_overflow_concentric_impassable,
          kennysheep_vampire_church, gup_sewer_entry_pipe,
          hangedman_glass_teeth, uniq_pikel
Temple:   hellmonk_temple_divided_pantheon

Skill      XL: |  1  2  3  4  5  6  7 |
---------------+----------------------+-----
Armour         | 1 2 3 4 |  4.5
Invocations    | 1 2 3 |  3.5
Dodging        | 2 |  2.0
Shields        | 1 2 3 |  3.3
Fighting       | 3 |  3.8
Ranged Weapons | 5 |  5.8
Stealth        | |  1.2

Action                     |  1- 3 |  4- 6 |  7- 9 || total
---------------------------+-------+-------+-------++-------
  Melee: War axe           |       |    15 |    11 ||    26
         Hand axe          |       |     1 |       ||     1
         Punch             |       |     1 |     1 ||     2
         Dagger            |       |       |    19 ||    19
         Flail             |       |       |     2 ||     2
   Fire: Shortbow          |    93 |   139 |   113 ||   345
 Invoke: Recite            |       |       |     3 ||     3
Ability: Dig               |       |     2 |       ||     2
    Use: Scroll            |     2 |    10 |     2 ||    14
         Potion            |       |       |     1 ||     1
 Armour: Chain mail        |    68 |    64 |    78 ||   210
  Dodge: Dodged            |    32 |    57 |    52 ||   141
  Block: Other             |       |       |     7 ||     7
